 Dungeon Crawl Stone Soup version 0.23-a0-644-gb60d84b (webtiles) character file.

123 Borgoz the Sneak (level 5, -11/34 HPs)
             Began as a Halfling Assassin on Jan 2, 2019.
             Killed by divine providence
             ... invoked by an orc priest
              (12 damage)
             ... on level 3 of the Dungeon.
             The game lasted 00:03:51 (1718 turns).

Borgoz the Sneak (Halfling Assassin)                Turns: 1718, Time: 00:03:53

Health: -11/34     AC:  3    Str: 12 (13) XL:     5   Next: 29%
Magic:  5/5        EV: 14    Int:  7 (9)  God:
Gold:   124        SH:  0    Dex: 13 (16) Spells: 4/4 levels left

rFire    + + .     SeeInvis .   a - +2 short sword (venom)
rCold    . . .     Gourm    .   (shield restricted)
rNeg     . . .     Faith    .   c - +0 robe
rPois    +         Spirit   .   (no helmet)
rElec    +         Reflect  .   d - +0 cloak
rCorr    +         Harm     .   (no gloves)
MR       .....                  (no boots)
Stlth    +++.......             s - amulet of regeneration
HPRegen  0.51/turn              q - ring of fire
MPRegen  0.09/turn              (no ring)

@: resistant, flying
A: small, mutation resistance 1
a: no special abilities


You were on level 3 of the Dungeon.
You were hungry.

You visited 1 branch of the dungeon, and saw 3 of its levels.

You collected 124 gold pieces.

Inventory:

Hand Weapons
 a - a +2 short sword of venom (weapon)
 b - a +0 blowgun
 l - a +2 dagger
Missiles
 e - 15 poisoned needles
 f - 4 curare-tipped needles
Armour
 c - a +0 robe (worn)
 d - a +0 cloak (worn)
Jewellery
 q - a ring of fire (left hand)
 s - an amulet of regeneration (around neck)
 v - an uncursed ring of fire
Scrolls
 n - 2 scrolls of amnesia {unknown}
 o - 3 scrolls of identify {unknown}
 p - 2 scrolls of teleportation {unknown}
 r - a scroll of fear {unknown}
 t - a scroll of magic mapping {unknown}
Comestibles
 g - 6 rations


   Skills:
 + Level 2.1 Fighting
 + Level 3.7 Short Blades
 + Level 2.3 Throwing
 + Level 2.0 Dodging
 + Level 5.8 Stealth


You had 4 spell levels left.
You didn't know any spells.
Your spell library was empty.

Dungeon Overview and Level Annotations

Branches:
Dungeon (3/15)

Altars:


Innate Abilities, Weirdness & Mutations

You are small and have problems with some larger weapons.
You are somewhat resistant to further mutation.


Message History

The orc priest hits you but does no damage.
You barely miss the orc. The orc completely misses you.
The orc priest hits you with a +0 falchion!
* * * LOW HITPOINT WARNING * * *
The orc priest casts a cantrip, but nothing happens.
You hit the orc priest.
The orc priest is poisoned.
The orc priest is heavily wounded.
The orc hits you.
* * * LOW HITPOINT WARNING * * *
The orc priest hits you with a +0 falchion.
* * * LOW HITPOINT WARNING * * *
You aren't carrying any potions.
You hit the orc priest.
The orc priest looks as sick as possible!
The orc priest is almost dead.
The orc hits you.
* * * LOW HITPOINT WARNING * * *
The orc priest mumbles some strange prayers to Beogh against you.
Beogh smites you!
You die...

......................##.#
...............##########.#
$..............# #.#
..........>....# #######.#
...............# #.......#
.................# #.......#
...........†.....####...<...#
...........##..............##
...###....o@o.............##
..#..####.###................
......###)# ##..####..†..<.##
#....oo####..# #.......#
#.##.........# #.......#
#.#.......# ##...####
##.........#####..##
#......!..........
##.#.#....<..........


You could see an orc priest and an orc.

Vanquished Creatures
  An orc wizard (D:3)
  3 adders (D:2)
  2 worms (D:2)
  2 dart slugs (D:1)
  2 leopard geckos
  An orc (D:3)
  A giant cockroach (D:3)
  11 goblins
  8 hobgoblins
  A quokka (D:2)
  3 ball pythons
  7 bats
  5 frilled lizards
  4 kobolds
  9 rats
60 creatures vanquished.

Notes
Turn   | Place    | Note
-------+----------+-------------------------------------------
     0 | D:1      | Borgoz the Halfling Assassin began the quest for the Orb.
     0 | D:1      | Reached XP level 1. HP: 14/14 MP: 1/1
    56 | D:1      | Reached XP level 2. HP: 12/19 MP: 2/2
   565 | D:1      | Reached skill level 5 in Stealth
   617 | D:1      | Reached XP level 3. HP: 24/24 MP: 3/3
  1055 | D:2      | Reached XP level 4. HP: 27/29 MP: 4/4
  1694 | D:3      | Reached XP level 5. HP: 22/34 MP: 5/5
  1718 | D:3      | HP: 1/34 [orc (2)]
  1718 | D:3      | Killed from afar by an orc priest

Vault maps used:
D:1:      saegor_arrival_simple_c, minmay_heptomino_w4
D:3:      first_ration

Skill      XL: |  1  2  3  4  5 |
---------------+----------------+-----
Stealth        | 5 |  5.8
Fighting       | 2 |  2.1
Short Blades   | 3 |  3.7
Dodging        | 2 |  2.0
Throwing       | |  2.3

Action                   |  1- 3 |  4- 6 || total
-------------------------+-------+-------++-------
Melee: Dagger            |    68 |       ||    68
       Short sword       |    18 |    71 ||    89
 Fire: Blowgun           |       |     2 ||     2
  Use: Potion            |       |     6 ||     6
 Stab: Sleeping          |     9 |     8 ||    17
  Eat: Chunk             |       |     2 ||     2
Armor: Robe              |    21 |    15 ||    36
Dodge: Dodged            |    74 |    43 ||   117

Table legend:
 A = Non-vault XP
 B = Vault XP
 C = Vault XP percentage of total XP
 D = Non-vault monster count
 E = Vault monster count
 F = Vault count percentage of total count
                 A         B        C        D         E       F
            +---------+---------+-------+---------+---------+-------
      Total |     169 |       8 |   4.5 |      55 |       5 |   8.3
            +---------+---------+-------+---------+---------+-------
        D:1 |      33 |       8 |  19.5 |      20 |       5 |  20.0
        D:2 |      80 |       0 |   0.0 |      23 |       0 |   0.0
        D:3 |      56 |       0 |   0.0 |      12 |       0 |   0.0
            +---------+---------+-------+---------+---------+-------
